Workbook

Sheet Cómo completar
A7: INGRESO DE PRESUPUESTO PASO A PASO | B7: TU PRESUPUESTO, PASO A PASO | C7: TU PRESUPUESTO, PASO A PASO | D7: TU PRESUPUESTO, PASO A PASO | E7: TU PRESUPUESTO, PASO A PASO | F7: TU PRESUPUESTO, PASO A PASO | G7: TU PRESUPUESTO, PASO A PASO | H7: TU PRESUPUESTO, PASO A PASO
A8: Guía de llenado | B8: Guía de llenado · Aportes globales RFP · M1 a M48 · Montos en pesos chilenos (CLP) | C8: Guía de llenado · Aportes globales RFP · M1 a M48 · Montos en pesos chilenos (CLP) | D8: Guía de llenado · Aportes globales RFP · M1 a M48 · Montos en pesos chilenos (CLP) | E8: Guía de llenado · Aportes globales RFP · M1 a M48 · Montos en pesos chilenos (CLP) | F8: Guía de llenado · Aportes globales RFP · M1 a M48 · Montos en pesos chilenos (CLP) | G8: Guía de llenado · Aportes globales RFP · M1 a M48 · Montos en pesos chilenos (CLP) | H8: Guía de llenado · Aportes globales RFP · M1 a M48 · Montos en pesos chilenos (CLP)
A10: LA RUTA: 1. Preparar → 2. Presupuestar → 3. Valorizar → 4. Respaldar → 5. Repartir → 6. Revisar | B10: LA RUTA: 1. Preparar → 2. Presupuestar → 3. Valorizar → 4. Respaldar → 5. Repartir → 6. Revisar | C10: LA RUTA: 1. Preparar → 2. Presupuestar → 3. Valorizar → 4. Respaldar → 5. Repartir → 6. Revisar | D10: LA RUTA: 1. Preparar → 2. Presupuestar → 3. Valorizar → 4. Respaldar → 5. Repartir → 6. Revisar | E10: LA RUTA: 1. Preparar → 2. Presupuestar → 3. Valorizar → 4. Respaldar → 5. Repartir → 6. Revisar | F10: LA RUTA: 1. Preparar → 2. Presupuestar → 3. Valorizar → 4. Respaldar → 5. Repartir → 6. Revisar | G10: LA RUTA: 1. Preparar → 2. Presupuestar → 3. Valorizar → 4. Respaldar → 5. Repartir → 6. Revisar | H10: LA RUTA: 1. Preparar → 2. Presupuestar → 3. Valorizar → 4. Respaldar → 5. Repartir → 6. Revisar
A11: TÚ INGRESAS: montos, descripciones y reparto por entidad. | LA PLANILLA CALCULA: subtotales, totales, porcentajes y estados. No reemplaces las fórmulas. | B11: TÚ INGRESAS: montos, descripciones y reparto por entidad. | LA PLANILLA CALCULA: subtotales, totales, porcentajes y estados. No reemplaces las fórmulas. | C11: TÚ INGRESAS: montos, descripciones y reparto por entidad. | LA PLANILLA CALCULA: subtotales, totales, porcentajes y estados. No reemplaces las fórmulas. | D11: TÚ INGRESAS: montos, descripciones y reparto por entidad. | LA PLANILLA CALCULA: subtotales, totales, porcentajes y estados. No reemplaces las fórmulas. | E11: TÚ INGRESAS: montos, descripciones y reparto por entidad. | LA PLANILLA CALCULA: subtotales, totales, porcentajes y estados. No reemplaces las fórmulas. | F11: TÚ INGRESAS: montos, descripciones y reparto por entidad. | LA PLANILLA CALCULA: subtotales, totales, porcentajes y estados. No reemplaces las fórmulas. | G11: TÚ INGRESAS: montos, descripciones y reparto por entidad. | LA PLANILLA CALCULA: subtotales, totales, porcentajes y estados. No reemplaces las fórmulas. | H11: TÚ INGRESAS: montos, descripciones y reparto por entidad. | LA PLANILLA CALCULA: subtotales, totales, porcentajes y estados. No reemplaces las fórmulas.
A13: 1 | PREPARA EL ESCENARIO | B13: 1 | PREPARA EL ESCENARIO | C13: 1 | PREPARA EL ESCENARIO | D13: 1 | PREPARA EL ESCENARIO | E13: 1 | PREPARA EL ESCENARIO | F13: 1 | PREPARA EL ESCENARIO | G13: 1 | PREPARA EL ESCENARIO | H13: 1 | PREPARA EL ESCENARIO
A14: En «Resumen Cofinanciamiento», selecciona el tipo de proyecto en H10. M1 es el primer mes del proyecto y M48, el mes 48 máximo a ejecutar. Ingresa montos en CLP, sin convertirlos a UF o dólares. Deja en blanco o en cero los meses sin aportes. | B14: En «Resumen Cofinanciamiento», selecciona el tipo de proyecto en H10. M1 es el primer mes del proyecto y M48, el mes 48. Ingresa montos en CLP, sin convertirlos a UF o dólares. Deja en blanco o en cero los meses sin aportes. | C14: En «Resumen Cofinanciamiento», selecciona el tipo de proyecto en H10. M1 es el primer mes del proyecto y M48, el mes 48. Ingresa montos en CLP, sin convertirlos a UF o dólares. Deja en blanco o en cero los meses sin aportes. | D14: En «Resumen Cofinanciamiento», selecciona el tipo de proyecto en H10. M1 es el primer mes del proyecto y M48, el mes 48. Ingresa montos en CLP, sin convertirlos a UF o dólares. Deja en blanco o en cero los meses sin aportes. | E14: En «Resumen Cofinanciamiento», selecciona el tipo de proyecto en H10. M1 es el primer mes del proyecto y M48, el mes 48. Ingresa montos en CLP, sin convertirlos a UF o dólares. Deja en blanco o en cero los meses sin aportes. | F14: En «Resumen Cofinanciamiento», selecciona el tipo de proyecto en H10. M1 es el primer mes del proyecto y M48, el mes 48. Ingresa montos en CLP, sin convertirlos a UF o dólares. Deja en blanco o en cero los meses sin aportes. | G14: En «Resumen Cofinanciamiento», selecciona el tipo de proyecto en H10. M1 es el primer mes del proyecto y M48, el mes 48. Ingresa montos en CLP, sin convertirlos a UF o dólares. Deja en blanco o en cero los meses sin aportes. | H14: En «Resumen Cofinanciamiento», selecciona el tipo de proyecto en H10. M1 es el primer mes del proyecto y M48, el mes 48. Ingresa montos en CLP, sin convertirlos a UF o dólares. Deja en blanco o en cero los meses sin aportes.
A15: Antes de empezar: define qué entidad aporta, qué recurso aporta y en qué meses se utilizará. | B15: Antes de empezar: define qué entidad aporta, qué recurso aporta y en qué meses se utilizará. | C15: Antes de empezar: define qué entidad aporta, qué recurso aporta y en qué meses se utilizará. | D15: Antes de empezar: define qué entidad aporta, qué recurso aporta y en qué meses se utilizará. | E15: Antes de empezar: define qué entidad aporta, qué recurso aporta y en qué meses se utilizará. | F15: Antes de empezar: define qué entidad aporta, qué recurso aporta y en qué meses se utilizará. | G15: Antes de empezar: define qué entidad aporta, qué recurso aporta y en qué meses se utilizará. | H15: Antes de empezar: define qué entidad aporta, qué recurso aporta y en qué meses se utilizará.
A17: 2 | INGRESA EL DINERO: APORTES PECUNIARIOS | B17: 2 | INGRESA EL DINERO: APORTES PECUNIARIOS | C17: 2 | INGRESA EL DINERO: APORTES PECUNIARIOS | D17: 2 | INGRESA EL DINERO: APORTES PECUNIARIOS | E17: 2 | INGRESA EL DINERO: APORTES PECUNIARIOS | F17: 2 | INGRESA EL DINERO: APORTES PECUNIARIOS | G17: 2 | INGRESA EL DINERO: APORTES PECUNIARIOS | H17: 2 | INGRESA EL DINERO: APORTES PECUNIARIOS
A18: Completa «Pecunario ITL» y «Pecunario Contraparte» en los meses M1–M48. Escribe solo en las líneas de detalle de RRHH, Operaciones e Inversiones. La columna AY y las filas de totales se calculan solas. | B18: Completa «Pecunario ITL» y «Pecunario Contraparte» en los meses M1–M48 (columnas C–AX). Escribe solo en las líneas de detalle de RRHH, Operaciones e Inversiones. La columna AY y las filas de totales se calculan solas. | C18: Completa «Pecunario ITL» y «Pecunario Contraparte» en los meses M1–M48 (columnas C–AX). Escribe solo en las líneas de detalle de RRHH, Operaciones e Inversiones. La columna AY y las filas de totales se calculan solas. | D18: Completa «Pecunario ITL» y «Pecunario Contraparte» en los meses M1–M48 (columnas C–AX). Escribe solo en las líneas de detalle de RRHH, Operaciones e Inversiones. La columna AY y las filas de totales se calculan solas. | E18: Completa «Pecunario ITL» y «Pecunario Contraparte» en los meses M1–M48 (columnas C–AX). Escribe solo en las líneas de detalle de RRHH, Operaciones e Inversiones. La columna AY y las filas de totales se calculan solas. | F18: Completa «Pecunario ITL» y «Pecunario Contraparte» en los meses M1–M48 (columnas C–AX). Escribe solo en las líneas de detalle de RRHH, Operaciones e Inversiones. La columna AY y las filas de totales se calculan solas. | G18: Completa «Pecunario ITL» y «Pecunario Contraparte» en los meses M1–M48 (columnas C–AX). Escribe solo en las líneas de detalle de RRHH, Operaciones e Inversiones. La columna AY y las filas de totales se calculan solas. | H18: Completa «Pecunario ITL» y «Pecunario Contraparte» en los meses M1–M48 (columnas C–AX). Escribe solo en las líneas de detalle de RRHH, Operaciones e Inversiones. La columna AY y las filas de totales se calculan solas.
A19: Ejemplo: $100.000 en M1 + $150.000 en M2 = $250.000. En ITL, las filas de cantidad de personas son unidades, no dinero. | B19: Ejemplo: $100.000 en M1 + $150.000 en M2 = $250.000. En ITL, las filas de cantidad de personas son unidades, no dinero. | C19: Ejemplo: $100.000 en M1 + $150.000 en M2 = $250.000. En ITL, las filas de cantidad de personas son unidades, no dinero. | D19: Ejemplo: $100.000 en M1 + $150.000 en M2 = $250.000. En ITL, las filas de cantidad de personas son unidades, no dinero. | E19: Ejemplo: $100.000 en M1 + $150.000 en M2 = $250.000. En ITL, las filas de cantidad de personas son unidades, no dinero. | F19: Ejemplo: $100.000 en M1 + $150.000 en M2 = $250.000. En ITL, las filas de cantidad de personas son unidades, no dinero. | G19: Ejemplo: $100.000 en M1 + $150.000 en M2 = $250.000. En ITL, las filas de cantidad de personas son unidades, no dinero. | H19: Ejemplo: $100.000 en M1 + $150.000 en M2 = $250.000. En ITL, las filas de cantidad de personas son unidades, no dinero.
A21: 3 | INGRESA LOS RECURSOS VALORIZADOS | B21: 3 | INGRESA LOS RECURSOS VALORIZADOS | C21: 3 | INGRESA LOS RECURSOS VALORIZADOS | D21: 3 | INGRESA LOS RECURSOS VALORIZADOS | E21: 3 | INGRESA LOS RECURSOS VALORIZADOS | F21: 3 | INGRESA LOS RECURSOS VALORIZADOS | G21: 3 | INGRESA LOS RECURSOS VALORIZADOS | H21: 3 | INGRESA LOS RECURSOS VALORIZADOS
A22: En «Valorado Contraparte», completa M1–M48 (columnas D–AY). Ingresa CLP en las líneas «Valor aportado al proyecto». Registra horas, personas o m² en sus líneas separadas: esas unidades no se suman al dinero. El total está en AZ. | B22: En «Valorado Contraparte», completa M1–M48 (columnas D–AY). Ingresa CLP en las líneas «Valor aportado al proyecto». Registra horas, personas o m² en sus líneas separadas: esas unidades no se suman al dinero. El total está en AZ. | C22: En «Valorado Contraparte», completa M1–M48 (columnas D–AY). Ingresa CLP en las líneas «Valor aportado al proyecto». Registra horas, personas o m² en sus líneas separadas: esas unidades no se suman al dinero. El total está en AZ. | D22: En «Valorado Contraparte», completa M1–M48 (columnas D–AY). Ingresa CLP en las líneas «Valor aportado al proyecto». Registra horas, personas o m² en sus líneas separadas: esas unidades no se suman al dinero. El total está en AZ. | E22: En «Valorado Contraparte», completa M1–M48 (columnas D–AY). Ingresa CLP en las líneas «Valor aportado al proyecto». Registra horas, personas o m² en sus líneas separadas: esas unidades no se suman al dinero. El total está en AZ. | F22: En «Valorado Contraparte», completa M1–M48 (columnas D–AY). Ingresa CLP en las líneas «Valor aportado al proyecto». Registra horas, personas o m² en sus líneas separadas: esas unidades no se suman al dinero. El total está en AZ. | G22: En «Valorado Contraparte», completa M1–M48 (columnas D–AY). Ingresa CLP en las líneas «Valor aportado al proyecto». Registra horas, personas o m² en sus líneas separadas: esas unidades no se suman al dinero. El total está en AZ. | H22: En «Valorado Contraparte», completa M1–M48 (columnas D–AY). Ingresa CLP en las líneas «Valor aportado al proyecto». Registra horas, personas o m² en sus líneas separadas: esas unidades no se suman al dinero. El total está en AZ.
... A47: ¿NO CUADRA? Vuelve al origen: entidad → categoría → mes → monto. Corrige el dato de entrada, no el total automático. | B47: ¿NO CUADRA? Vuelve al origen: entidad → categoría → mes → monto. Corrige el dato de entrada, no el total automático. | C47: ¿NO CUADRA? Vuelve al origen: entidad → categoría → mes → monto. Corrige el dato de entrada, no el total automático. | D47: ¿NO CUADRA? Vuelve al origen: entidad → categoría → mes → monto. Corrige el dato de entrada, no el total automático. | E47: ¿NO CUADRA? Vuelve al origen: entidad → categoría → mes → monto. Corrige el dato de entrada, no el total automático. | F47: ¿NO CUADRA? Vuelve al origen: entidad → categoría → mes → monto. Corrige el dato de entrada, no el total automático. | G47: ¿NO CUADRA? Vuelve al origen: entidad → categoría → mes → monto. Corrige el dato de entrada, no el total automático. | H47: ¿NO CUADRA? Vuelve al origen: entidad → categoría → mes → monto. Corrige el dato de entrada, no el total automático.

Sheet Resumen Cofinanciamiento
A11: VISTA GLOBAL PRESUPUESTARIA · CLP
A12: Totales automáticos desde las hojas presupuestarias
A14: Categoría de gasto | B14: Pecuniario CLP | C14: Valorizado CLP | D14: Total CLP | E14: % costo total | G14: CONTROL DE PROPORCIONALIDAD
G15: Tipo de proyecto | H15: Con participación de Socios ITL
A16: Recursos Humanos | B16: =SUM('Pecunario ITL'!AY16,'Pecunario Contraparte'!AY16) -> 0 | C16: ='Valorado Contraparte'!AZ17 -> 0 | D16: =SUM(B16:C16) -> 0 | E16: =IF($D$20=0,"",D16/$D$20)
A17: Completa «Pecunario ITL» y «Pecunario Contraparte» en los meses M1–M48. Escribe solo en las líneas de detalle de RRHH, Operaciones e Inversiones. La columna AY y las filas de totales se calculan solas. | B17: =SUM('Pecunario ITL'!AY30,'Pecunario Contraparte'!AY25) -> 0 | C17: ='Valorado Contraparte'!AZ28 -> 0 | D17: =SUM(B17:C17) -> 0 | E17: =IF($D$20=0,"",D17/$D$20) | G17: Indicador | H17: Resultado | I17: Límite referencia | J17: Regla | K17: Estado porcentual
A18: Inversiones | B18: =SUM('Pecunario ITL'!AY36,'Pecunario Contraparte'!AY31) -> 0 | C18: ='Valorado Contraparte'!AZ37 -> 0 | D18: =SUM(B18:C18) -> 0 | E18: =IF($D$20=0,"",D18/$D$20) | G18: ITL / costo total | H18: =IF($D$20=0,"",$B$32/$D$20) | I18: =IF(H15="Con participación de Socios ITL",60%,IF(H15="Sin participación de Socios ITL",40%,"")) -> 0.6 | J18: Máximo | K18: =IF(H18="","SIN DATOS",IF($I$18="","SELECCIONAR TIPO",IF(H18<=I18,"CUMPLE","NO CUMPLE"))) -> SIN DATOS
A19: Otros recursos | B19: =0 -> 0 | C19: ='Valorado Contraparte'!AZ41 -> 0 | D19: =SUM(B19:C19) -> 0 | E19: =IF($D$20=0,"",D19/$D$20) | G19: Contrapartida / Aporte total | H19: =IF($D$20=0,"",($D$20-$B$32)/$D$20) | I19: =IF(I18="","",1-I18) -> 0.4 | J19: Mínimo | K19: =IF(H19="","SIN DATOS",IF($I$18="","SELECCIONAR TIPO",IF(H19>=I19,"CUMPLE","NO CUMPLE"))) -> SIN DATOS
A20: TOTAL PROYECTO | B20: =SUM(B16:B19) -> 0 | C20: =SUM(C16:C19) -> 0 | D20: =SUM(D16:D19) -> 0 | E20: =IF(D20=0,"",SUM(E16:E19)) | G20: Aporte Pecuniario / contrapartida | H20: =IF($D$20-$B$32=0,"",($B$20-$B$32)/($D$20-$B$32)) | I20: 0.6 | J20: Mínimo | K20: =IF(H20="","SIN DATOS",IF($I$18="","SELECCIONAR TIPO",IF(H20>=I20,"CUMPLE","NO CUMPLE"))) -> SIN DATOS
B21: =IF($D$20=0,"",B20/$D$20) | C21: =IF($D$20=0,"",C20/$D$20) | G21: =IF($D$20=0,"",B32/$D$20)
A23: REPARTO POR ENTIDAD
A24: Complete el reparto en C23:J26. Los montos deben coincidir con el presupuesto global por categoría y tipo de aporte.
A26: Categoría | B26: ITL | C26: Contraparte | E26: Asociado 1 | G26: Asociado 2 | I26: Asociado n
B27: Pecuniario | C27: Pecuniario | D27: Valorizado | E27: Pecuniario | F27: Valorizado | G27: Pecuniario | H27: Valorizado | I27: Pecuniario | J27: Valorizado
A28: Recursos Humanos | B28: ='Pecunario ITL'!AY16 -> 0 | C28: 0 | D28: 0 | E28: 0 | F28: 0 | G28: 0 | H28: 0 | I28: 0 | J28: 0
A29: Operaciones | B29: ='Pecunario ITL'!AY30 -> 0 | C29: 0 | D29: 0 | E29: 0 | F29: 0 | G29: 0 | H29: 0 | I29: 0 | J29: 0
A30: Inversiones | B30: ='Pecunario ITL'!AY36 -> 0 | C30: 0 | D30: 0 | E30: 0 | F30: 0 | G30: 0 | H30: 0 | I30: 0 | J30: 0
A31: Otros recursos | B31: =0 -> 0 | C31: 0 | D31: 0 | E31: 0 | F31: 0 | G31: 0 | H31: 0 | I31: 0 | J31: 0
A32: TOTAL | B32: =SUM(B28:B31) -> 0 | C32: =SUM(C28:C31) -> 0 | D32: =SUM(D28:D31) -> 0 | E32: =SUM(E28:E31) -> 0 | F32: =SUM(F28:F31) -> 0 | G32: =SUM(G28:G31) -> 0 | H32: =SUM(H28:H31) -> 0 | I32: =SUM(I28:I31) -> 0 | J32: =SUM(J28:J31) -> 0

Sheet Pecunario ITL
A9: PRESUPUESTO APORTES PECUNARIOS ITL
A10: Cifras en CLP | BA10: INGRESO DIRECTO EN CLP
C11: M1 | D11: M2 | E11: M3 | F11: M4 | G11: M5 | H11: M6 | I11: M7 | J11: M8 | K11: M9 | L11: M10 | M11: M11 | N11: M12 | O11: M13 | P11: M14 | Q11: M15 | R11: M16 | S11: M17 | T11: M18 | U11: M19 | V11: M20 | W11: M21 | X11: M22 | Y11: M23 | Z11: M24 | AA11: M25 | AB11: M26 | AC11: M27 | AD11: M28 | AE11: M29 | AF11: M30 | AG11: M31 | AH11: M32 | AI11: M33 | AJ11: M34 | AK11: M35 | AL11: M36 | AM11: M37 | AN11: M38 | AO11: M39 | AP11: M40 | AQ11: M41 | AR11: M42 | AS11: M43 | AT11: M44 | AU11: M45 | AV11: M46 | AW11: M47 | AX11: M48 | AY11: Total | BA11: Complete el detalle mensual de ITL.
A13: RRHH
A14: Remuneraciones Brutas | C14: 0 | D14: 0 | E14: 0 | F14: 0 | G14: 0 | H14: 0 | I14: 0 | J14: 0 | K14: 0 | L14: 0 | M14: 0 | N14: 0 | O14: 0 | Q14: 0 | R14: 0 | S14: 0 | T14: 0 | U14: 0 | V14: 0 | W14: 0 | X14: 0 | Y14: 0 | Z14: 0 | AA14: 0 | AB14: 0 | AC14: 0 | AD14: 0 | AE14: 0 | AF14: 0 | AG14: 0 | AH14: 0 | AI14: 0 | AJ14: 0 | AK14: 0 | AL14: 0 | AM14: 0 | AN14: 0 | AO14: 0 | AP14: 0 | AQ14: 0 | AR14: 0 | AS14: 0 | AT14: 0 | AU14: 0 | AV14: 0 | AW14: 0 | AX14: 0 | AY14: =SUM(C14:AX14) -> 0
A15: Honorarios Brutos | C15: 0 | D15: 0 | E15: 0 | F15: 0 | G15: 0 | H15: 0 | I15: 0 | J15: 0 | K15: 0 | L15: 0 | M15: 0 | N15: 0 | O15: 0 | Q15: 0 | R15: 0 | S15: 0 | T15: 0 | U15: 0 | V15: 0 | W15: 0 | X15: 0 | Y15: 0 | Z15: 0 | AA15: 0 | AB15: 0 | AC15: 0 | AD15: 0 | AE15: 0 | AF15: 0 | AG15: 0 | AH15: 0 | AI15: 0 | AJ15: 0 | AK15: 0 | AL15: 0 | AM15: 0 | AN15: 0 | AO15: 0 | AP15: 0 | AQ15: 0 | AR15: 0 | AS15: 0 | AT15: 0 | AU15: 0 | AV15: 0 | AW15: 0 | AX15: 0 | AY15: =SUM(C15:AX15) -> 0
A16: Total RRHH | C16: =SUM(C14:C15) -> 0 | D16: =SUM(D14:D15) -> 0 | E16: =SUM(E14:E15) -> 0 | F16: =SUM(F14:F15) -> 0 | G16: =SUM(G14:G15) -> 0 | H16: =SUM(H14:H15) -> 0 | I16: =SUM(I14:I15) -> 0 | J16: =SUM(J14:J15) -> 0 | ... AX16: =SUM(AX14:AX15) -> 0 | AY16: =SUM(C16:AX16) -> 0
A18: RRHH
A19: Cantidad Personas Remuneraciones Brutas | C19: 0 | D19: 0 | E19: 0 | F19: 0 | G19: 0 | H19: 0 | I19: 0 | J19: 0 | K19: 0 | L19: 0 | M19: 0 | N19: 0 | O19: 0 | Q19: 0 | R19: 0 | S19: 0 | T19: 0 | U19: 0 | V19: 0 | W19: 0 | X19: 0 | Y19: 0 | Z19: 0 | AA19: 0 | AB19: 0 | AC19: 0 | AD19: 0 | AE19: 0 | AF19: 0 | AG19: 0 | AH19: 0 | AI19: 0 | AJ19: 0 | AK19: 0 | AL19: 0 | AM19: 0 | AN19: 0 | AO19: 0 | AP19: 0 | AQ19: 0 | AR19: 0 | AS19: 0 | AT19: 0 | AU19: 0 | AV19: 0 | AW19: 0 | AX19: 0 | AY19: =SUM(C19:AX19) -> 0
A20: Cantidad Personas Honorarios Brutos | C20: 0 | D20: 0 | E20: 0 | F20: 0 | G20: 0 | H20: 0 | I20: 0 | J20: 0 | K20: 0 | L20: 0 | M20: 0 | N20: 0 | O20: 0 | Q20: 0 | R20: 0 | S20: 0 | T20: 0 | U20: 0 | V20: 0 | W20: 0 | X20: 0 | Y20: 0 | Z20: 0 | AA20: 0 | AB20: 0 | AC20: 0 | AD20: 0 | AE20: 0 | AF20: 0 | AG20: 0 | AH20: 0 | AI20: 0 | AJ20: 0 | AK20: 0 | AL20: 0 | AM20: 0 | AN20: 0 | AO20: 0 | AP20: 0 | AQ20: 0 | AR20: 0 | AS20: 0 | AT20: 0 | AU20: 0 | AV20: 0 | AW20: 0 | AX20: 0 | AY20: =SUM(C20:AX20) -> 0
A21: Total RRHH | C21: =SUM(C19:C20) -> 0 | D21: =SUM(D19:D20) -> 0 | E21: =SUM(E19:E20) -> 0 | F21: =SUM(F19:F20) -> 0 | G21: =SUM(G19:G20) -> 0 | H21: =SUM(H19:H20) -> 0 | I21: =SUM(I19:I20) -> 0 | J21: =SUM(J19:J20) -> 0 | ... AX21: =SUM(AX19:AX20) -> 0 | AY21: =SUM(C21:AX21) -> 0
A23: Operaciones
A24: Arriendos Infraestructura, Equipamiento y Vehículos | C24: 0 | D24: 0 | E24: 0 | F24: 0 | G24: 0 | H24: 0 | I24: 0 | J24: 0 | K24: 0 | L24: 0 | M24: 0 | N24: 0 | O24: 0 | Q24: 0 | R24: 0 | S24: 0 | T24: 0 | U24: 0 | V24: 0 | W24: 0 | X24: 0 | Y24: 0 | Z24: 0 | AA24: 0 | AB24: 0 | AC24: 0 | AD24: 0 | AE24: 0 | AF24: 0 | AG24: 0 | AH24: 0 | AI24: 0 | AJ24: 0 | AK24: 0 | AL24: 0 | AM24: 0 | AN24: 0 | AO24: 0 | AP24: 0 | AQ24: 0 | AR24: 0 | AS24: 0 | AT24: 0 | AU24: 0 | AV24: 0 | AW24: 0 | AX24: 0 | AY24: =SUM(C24:AX24) -> 0
A25: Seguros y Garantías | C25: 0 | D25: 0 | E25: 0 | F25: 0 | G25: 0 | H25: 0 | I25: 0 | J25: 0 | K25: 0 | L25: 0 | M25: 0 | N25: 0 | O25: 0 | Q25: 0 | R25: 0 | S25: 0 | T25: 0 | U25: 0 | V25: 0 | W25: 0 | X25: 0 | Y25: 0 | Z25: 0 | AA25: 0 | AB25: 0 | AC25: 0 | AD25: 0 | AE25: 0 | AF25: 0 | AG25: 0 | AH25: 0 | AI25: 0 | AJ25: 0 | AK25: 0 | AL25: 0 | AM25: 0 | AN25: 0 | AO25: 0 | AP25: 0 | AQ25: 0 | AR25: 0 | AS25: 0 | AT25: 0 | AU25: 0 | AV25: 0 | AW25: 0 | AX25: 0 | AY25: =SUM(C25:AX25) -> 0
A26: Gastos Generales Operación | C26: 0 | D26: 0 | E26: 0 | F26: 0 | G26: 0 | H26: 0 | I26: 0 | J26: 0 | K26: 0 | L26: 0 | M26: 0 | N26: 0 | O26: 0 | Q26: 0 | R26: 0 | S26: 0 | T26: 0 | U26: 0 | V26: 0 | W26: 0 | X26: 0 | Y26: 0 | Z26: 0 | AA26: 0 | AB26: 0 | AC26: 0 | AD26: 0 | AE26: 0 | AF26: 0 | AG26: 0 | AH26: 0 | AI26: 0 | AJ26: 0 | AK26: 0 | AL26: 0 | AM26: 0 | AN26: 0 | AO26: 0 | AP26: 0 | AQ26: 0 | AR26: 0 | AS26: 0 | AT26: 0 | AU26: 0 | AV26: 0 | AW26: 0 | AX26: 0 | AY26: =SUM(C26:AX26) -> 0
A27: Consultorías y Asesorías | C27: 0 | D27: 0 | E27: 0 | F27: 0 | G27: 0 | H27: 0 | I27: 0 | J27: 0 | K27: 0 | L27: 0 | M27: 0 | N27: 0 | O27: 0 | Q27: 0 | R27: 0 | S27: 0 | T27: 0 | U27: 0 | V27: 0 | W27: 0 | X27: 0 | Y27: 0 | Z27: 0 | AA27: 0 | AB27: 0 | AC27: 0 | AD27: 0 | AE27: 0 | AF27: 0 | AG27: 0 | AH27: 0 | AI27: 0 | AJ27: 0 | AK27: 0 | AL27: 0 | AM27: 0 | AN27: 0 | AO27: 0 | AP27: 0 | AQ27: 0 | AR27: 0 | AS27: 0 | AT27: 0 | AU27: 0 | AV27: 0 | AW27: 0 | AX27: 0 | AY27: =SUM(C27:AX27) -> 0
A28: Materiales, Insumos y Otros Operación | C28: 0 | D28: 0 | E28: 0 | F28: 0 | G28: 0 | H28: 0 | I28: 0 | J28: 0 | K28: 0 | L28: 0 | M28: 0 | N28: 0 | O28: 0 | Q28: 0 | R28: 0 | S28: 0 | T28: 0 | U28: 0 | V28: 0 | W28: 0 | X28: 0 | Y28: 0 | Z28: 0 | AA28: 0 | AB28: 0 | AC28: 0 | AD28: 0 | AE28: 0 | AF28: 0 | AG28: 0 | AH28: 0 | AI28: 0 | AJ28: 0 | AK28: 0 | AL28: 0 | AM28: 0 | AN28: 0 | AO28: 0 | AP28: 0 | AQ28: 0 | AR28: 0 | AS28: 0 | AT28: 0 | AU28: 0 | AV28: 0 | AW28: 0 | AX28: 0 | AY28: =SUM(C28:AX28) -> 0
A29: Viajes, Alojamiento y Alimentación | C29: 0 | D29: 0 | E29: 0 | F29: 0 | G29: 0 | H29: 0 | I29: 0 | J29: 0 | K29: 0 | L29: 0 | M29: 0 | N29: 0 | O29: 0 | Q29: 0 | R29: 0 | S29: 0 | T29: 0 | U29: 0 | V29: 0 | W29: 0 | X29: 0 | Y29: 0 | Z29: 0 | AA29: 0 | AB29: 0 | AC29: 0 | AD29: 0 | AE29: 0 | AF29: 0 | AG29: 0 | AH29: 0 | AI29: 0 | AJ29: 0 | AK29: 0 | AL29: 0 | AM29: 0 | AN29: 0 | AO29: 0 | AP29: 0 | AQ29: 0 | AR29: 0 | AS29: 0 | AT29: 0 | AU29: 0 | AV29: 0 | AW29: 0 | AX29: 0 | AY29: =SUM(C29:AX29) -> 0
A30: Total Operaciones | C30: =SUM(C24:C29) -> 0 | D30: =SUM(D24:D29) -> 0 | E30: =SUM(E24:E29) -> 0 | F30: =SUM(F24:F29) -> 0 | G30: =SUM(G24:G29) -> 0 | H30: =SUM(H24:H29) -> 0 | I30: =SUM(I24:I29) -> 0 | J30: =SUM(J24:J29) -> 0 | ... AX30: =SUM(AX24:AX29) -> 0 | AY30: =SUM(C30:AX30) -> 0
A32: Inversiones
A33: Equipos y Maquinarias | C33: 0 | D33: 0 | E33: 0 | F33: 0 | G33: 0 | H33: 0 | I33: 0 | J33: 0 | K33: 0 | L33: 0 | M33: 0 | N33: 0 | O33: 0 | Q33: 0 | R33: 0 | S33: 0 | T33: 0 | U33: 0 | V33: 0 | W33: 0 | X33: 0 | Y33: 0 | Z33: 0 | AA33: 0 | AB33: 0 | AC33: 0 | AD33: 0 | AE33: 0 | AF33: 0 | AG33: 0 | AH33: 0 | AI33: 0 | AJ33: 0 | AK33: 0 | AL33: 0 | AM33: 0 | AN33: 0 | AO33: 0 | AP33: 0 | AQ33: 0 | AR33: 0 | AS33: 0 | AT33: 0 | AU33: 0 | AV33: 0 | AW33: 0 | AX33: 0 | AY33: =SUM(C33:AX33) -> 0
A34: Instalaciones | C34: 0 | D34: 0 | E34: 0 | F34: 0 | G34: 0 | H34: 0 | I34: 0 | J34: 0 | K34: 0 | L34: 0 | M34: 0 | N34: 0 | O34: 0 | Q34: 0 | R34: 0 | S34: 0 | T34: 0 | U34: 0 | V34: 0 | W34: 0 | X34: 0 | Y34: 0 | Z34: 0 | AA34: 0 | AB34: 0 | AC34: 0 | AD34: 0 | AE34: 0 | AF34: 0 | AG34: 0 | AH34: 0 | AI34: 0 | AJ34: 0 | AK34: 0 | AL34: 0 | AM34: 0 | AN34: 0 | AO34: 0 | AP34: 0 | AQ34: 0 | AR34: 0 | AS34: 0 | AT34: 0 | AU34: 0 | AV34: 0 | AW34: 0 | AX34: 0 | AY34: =SUM(C34:AX34) -> 0
A35: Software y Equipos TI | C35: 0 | D35: 0 | E35: 0 | F35: 0 | G35: 0 | H35: 0 | I35: 0 | J35: 0 | K35: 0 | L35: 0 | M35: 0 | N35: 0 | O35: 0 | Q35: 0 | R35: 0 | S35: 0 | T35: 0 | U35: 0 | V35: 0 | W35: 0 | X35: 0 | Y35: 0 | Z35: 0 | AA35: 0 | AB35: 0 | AC35: 0 | AD35: 0 | AE35: 0 | AF35: 0 | AG35: 0 | AH35: 0 | AI35: 0 | AJ35: 0 | AK35: 0 | AL35: 0 | AM35: 0 | AN35: 0 | AO35: 0 | AP35: 0 | AQ35: 0 | AR35: 0 | AS35: 0 | AT35: 0 | AU35: 0 | AV35: 0 | AW35: 0 | AX35: 0 | AY35: =SUM(C35:AX35) -> 0
A36: Total Inversión | C36: =SUM(C33:C35) -> 0 | D36: =SUM(D33:D35) -> 0 | E36: =SUM(E33:E35) -> 0 | F36: =SUM(F33:F35) -> 0 | G36: =SUM(G33:G35) -> 0 | H36: =SUM(H33:H35) -> 0 | I36: =SUM(I33:I35) -> 0 | J36: =SUM(J33:J35) -> 0 | ... AX36: =SUM(AX33:AX35) -> 0 | AY36: =SUM(C36:AX36) -> 0
A38: Total | C38: =SUM(C16,C30,C36) -> 0 | D38: =SUM(D16,D30,D36) -> 0 | E38: =SUM(E16,E30,E36) -> 0 | F38: =SUM(F16,F30,F36) -> 0 | G38: =SUM(G16,G30,G36) -> 0 | H38: =SUM(H16,H30,H36) -> 0 | I38: =SUM(I16,I30,I36) -> 0 | J38: =SUM(J16,J30,J36) -> 0 | ... AY38: =SUM(AY16,AY30,AY36) -> 0

Sheet Pecunario Contraparte
A9: PRESUPUESTO APORTES PECUNARIOS CONTRAPARTE
A10: Cifras en CLP | BA10: INGRESO DIRECTO EN CLP
C11: M1 | D11: M2 | E11: M3 | F11: M4 | G11: M5 | H11: M6 | I11: M7 | J11: M8 | K11: M9 | L11: M10 | M11: M11 | N11: M12 | O11: M13 | P11: M14 | Q11: M15 | R11: M16 | S11: M17 | T11: M18 | U11: M19 | V11: M20 | W11: M21 | X11: M22 | Y11: M23 | Z11: M24 | AA11: M25 | AB11: M26 | AC11: M27 | AD11: M28 | AE11: M29 | AF11: M30 | AG11: M31 | AH11: M32 | AI11: M33 | AJ11: M34 | AK11: M35 | AL11: M36 | AM11: M37 | AN11: M38 | AO11: M39 | AP11: M40 | AQ11: M41 | AR11: M42 | AS11: M43 | AT11: M44 | AU11: M45 | AV11: M46 | AW11: M47 | AX11: M48 | AY11: Total | BA11: Complete el detalle mensual de ITL.
A13: RRHH
A14: Remuneraciones Brutas | C14: 0 | D14: 0 | E14: 0 | F14: 0 | G14: 0 | H14: 0 | I14: 0 | J14: 0 | K14: 0 | L14: 0 | M14: 0 | N14: 0 | O14: 0 | Q14: 0 | R14: 0 | S14: 0 | T14: 0 | U14: 0 | V14: 0 | W14: 0 | X14: 0 | Y14: 0 | Z14: 0 | AA14: 0 | AB14: 0 | AC14: 0 | AD14: 0 | AE14: 0 | AF14: 0 | AG14: 0 | AH14: 0 | AI14: 0 | AJ14: 0 | AK14: 0 | AL14: 0 | AM14: 0 | AN14: 0 | AO14: 0 | AP14: 0 | AQ14: 0 | AR14: 0 | AS14: 0 | AT14: 0 | AU14: 0 | AV14: 0 | AW14: 0 | AX14: 0 | AY14: =SUM(C14:AX14) -> 0
A15: Honorarios Brutos | C15: 0 | D15: 0 | E15: 0 | F15: 0 | G15: 0 | H15: 0 | I15: 0 | J15: 0 | K15: 0 | L15: 0 | M15: 0 | N15: 0 | O15: 0 | Q15: 0 | R15: 0 | S15: 0 | T15: 0 | U15: 0 | V15: 0 | W15: 0 | X15: 0 | Y15: 0 | Z15: 0 | AA15: 0 | AB15: 0 | AC15: 0 | AD15: 0 | AE15: 0 | AF15: 0 | AG15: 0 | AH15: 0 | AI15: 0 | AJ15: 0 | AK15: 0 | AL15: 0 | AM15: 0 | AN15: 0 | AO15: 0 | AP15: 0 | AQ15: 0 | AR15: 0 | AS15: 0 | AT15: 0 | AU15: 0 | AV15: 0 | AW15: 0 | AX15: 0 | AY15: =SUM(C15:AX15) -> 0
A16: Total RRHH | C16: =SUM(C14:C15) -> 0 | D16: =SUM(D14:D15) -> 0 | E16: =SUM(E14:E15) -> 0 | F16: =SUM(F14:F15) -> 0 | G16: =SUM(G14:G15) -> 0 | H16: =SUM(H14:H15) -> 0 | I16: =SUM(I14:I15) -> 0 | J16: =SUM(J14:J15) -> 0 | ... AX16: =SUM(AX14:AX15) -> 0 | AY16: =SUM(C16:AX16) -> 0
A18: Operaciones
A19: Arriendos Infraestructura, Equipamiento y Vehículos | C19: 0 | D19: 0 | E19: 0 | F19: 0 | G19: 0 | H19: 0 | I19: 0 | J19: 0 | K19: 0 | L19: 0 | M19: 0 | N19: 0 | O19: 0 | Q19: 0 | R19: 0 | S19: 0 | T19: 0 | U19: 0 | V19: 0 | W19: 0 | X19: 0 | Y19: 0 | Z19: 0 | AA19: 0 | AB19: 0 | AC19: 0 | AD19: 0 | AE19: 0 | AF19: 0 | AG19: 0 | AH19: 0 | AI19: 0 | AJ19: 0 | AK19: 0 | AL19: 0 | AM19: 0 | AN19: 0 | AO19: 0 | AP19: 0 | AQ19: 0 | AR19: 0 | AS19: 0 | AT19: 0 | AU19: 0 | AV19: 0 | AW19: 0 | AX19: 0 | AY19: =SUM(C19:AX19) -> 0
A20: Seguros y Garantías | C20: 0 | D20: 0 | E20: 0 | F20: 0 | G20: 0 | H20: 0 | I20: 0 | J20: 0 | K20: 0 | L20: 0 | M20: 0 | N20: 0 | O20: 0 | Q20: 0 | R20: 0 | S20: 0 | T20: 0 | U20: 0 | V20: 0 | W20: 0 | X20: 0 | Y20: 0 | Z20: 0 | AA20: 0 | AB20: 0 | AC20: 0 | AD20: 0 | AE20: 0 | AF20: 0 | AG20: 0 | AH20: 0 | AI20: 0 | AJ20: 0 | AK20: 0 | AL20: 0 | AM20: 0 | AN20: 0 | AO20: 0 | AP20: 0 | AQ20: 0 | AR20: 0 | AS20: 0 | AT20: 0 | AU20: 0 | AV20: 0 | AW20: 0 | AX20: 0 | AY20: =SUM(C20:AX20) -> 0
A21: Gastos Generales Operación | C21: 0 | D21: 0 | E21: 0 | F21: 0 | G21: 0 | H21: 0 | I21: 0 | J21: 0 | K21: 0 | L21: 0 | M21: 0 | N21: 0 | O21: 0 | Q21: 0 | R21: 0 | S21: 0 | T21: 0 | U21: 0 | V21: 0 | W21: 0 | X21: 0 | Y21: 0 | Z21: 0 | AA21: 0 | AB21: 0 | AC21: 0 | AD21: 0 | AE21: 0 | AF21: 0 | AG21: 0 | AH21: 0 | AI21: 0 | AJ21: 0 | AK21: 0 | AL21: 0 | AM21: 0 | AN21: 0 | AO21: 0 | AP21: 0 | AQ21: 0 | AR21: 0 | AS21: 0 | AT21: 0 | AU21: 0 | AV21: 0 | AW21: 0 | AX21: 0 | AY21: =SUM(C21:AX21) -> 0
A22: Consultorías y Asesorías | C22: 0 | D22: 0 | E22: 0 | F22: 0 | G22: 0 | H22: 0 | I22: 0 | J22: 0 | K22: 0 | L22: 0 | M22: 0 | N22: 0 | O22: 0 | Q22: 0 | R22: 0 | S22: 0 | T22: 0 | U22: 0 | V22: 0 | W22: 0 | X22: 0 | Y22: 0 | Z22: 0 | AA22: 0 | AB22: 0 | AC22: 0 | AD22: 0 | AE22: 0 | AF22: 0 | AG22: 0 | AH22: 0 | AI22: 0 | AJ22: 0 | AK22: 0 | AL22: 0 | AM22: 0 | AN22: 0 | AO22: 0 | AP22: 0 | AQ22: 0 | AR22: 0 | AS22: 0 | AT22: 0 | AU22: 0 | AV22: 0 | AW22: 0 | AX22: 0 | AY22: =SUM(C22:AX22) -> 0
A23: Materiales, Insumos y Otros Operación | C23: 0 | D23: 0 | E23: 0 | F23: 0 | G23: 0 | H23: 0 | I23: 0 | J23: 0 | K23: 0 | L23: 0 | M23: 0 | N23: 0 | O23: 0 | Q23: 0 | R23: 0 | S23: 0 | T23: 0 | U23: 0 | V23: 0 | W23: 0 | X23: 0 | Y23: 0 | Z23: 0 | AA23: 0 | AB23: 0 | AC23: 0 | AD23: 0 | AE23: 0 | AF23: 0 | AG23: 0 | AH23: 0 | AI23: 0 | AJ23: 0 | AK23: 0 | AL23: 0 | AM23: 0 | AN23: 0 | AO23: 0 | AP23: 0 | AQ23: 0 | AR23: 0 | AS23: 0 | AT23: 0 | AU23: 0 | AV23: 0 | AW23: 0 | AX23: 0 | AY23: =SUM(C23:AX23) -> 0
A24: Viajes, Alojamiento y Alimentación | C24: 0 | D24: 0 | E24: 0 | F24: 0 | G24: 0 | H24: 0 | I24: 0 | J24: 0 | K24: 0 | L24: 0 | M24: 0 | N24: 0 | O24: 0 | Q24: 0 | R24: 0 | S24: 0 | T24: 0 | U24: 0 | V24: 0 | W24: 0 | X24: 0 | Y24: 0 | Z24: 0 | AA24: 0 | AB24: 0 | AC24: 0 | AD24: 0 | AE24: 0 | AF24: 0 | AG24: 0 | AH24: 0 | AI24: 0 | AJ24: 0 | AK24: 0 | AL24: 0 | AM24: 0 | AN24: 0 | AO24: 0 | AP24: 0 | AQ24: 0 | AR24: 0 | AS24: 0 | AT24: 0 | AU24: 0 | AV24: 0 | AW24: 0 | AX24: 0 | AY24: =SUM(C24:AX24) -> 0
A25: Total Operaciones | C25: =SUM(C19:C24) -> 0 | D25: =SUM(D19:D24) -> 0 | E25: =SUM(E19:E24) -> 0 | F25: =SUM(F19:F24) -> 0 | G25: =SUM(G19:G24) -> 0 | H25: =SUM(H19:H24) -> 0 | I25: =SUM(I19:I24) -> 0 | J25: =SUM(J19:J24) -> 0 | ... AX25: =SUM(AX19:AX24) -> 0 | AY25: =SUM(C25:AX25) -> 0
A27: Inversiones
A28: Equipos y Maquinarias | C28: 0 | D28: 0 | E28: 0 | F28: 0 | G28: 0 | H28: 0 | I28: 0 | J28: 0 | K28: 0 | L28: 0 | M28: 0 | N28: 0 | O28: 0 | Q28: 0 | R28: 0 | S28: 0 | T28: 0 | U28: 0 | V28: 0 | W28: 0 | X28: 0 | Y28: 0 | Z28: 0 | AA28: 0 | AB28: 0 | AC28: 0 | AD28: 0 | AE28: 0 | AF28: 0 | AG28: 0 | AH28: 0 | AI28: 0 | AJ28: 0 | AK28: 0 | AL28: 0 | AM28: 0 | AN28: 0 | AO28: 0 | AP28: 0 | AQ28: 0 | AR28: 0 | AS28: 0 | AT28: 0 | AU28: 0 | AV28: 0 | AW28: 0 | AX28: 0 | AY28: =SUM(C28:AX28) -> 0
A29: Instalaciones | C29: 0 | D29: 0 | E29: 0 | F29: 0 | G29: 0 | H29: 0 | I29: 0 | J29: 0 | K29: 0 | L29: 0 | M29: 0 | N29: 0 | O29: 0 | Q29: 0 | R29: 0 | S29: 0 | T29: 0 | U29: 0 | V29: 0 | W29: 0 | X29: 0 | Y29: 0 | Z29: 0 | AA29: 0 | AB29: 0 | AC29: 0 | AD29: 0 | AE29: 0 | AF29: 0 | AG29: 0 | AH29: 0 | AI29: 0 | AJ29: 0 | AK29: 0 | AL29: 0 | AM29: 0 | AN29: 0 | AO29: 0 | AP29: 0 | AQ29: 0 | AR29: 0 | AS29: 0 | AT29: 0 | AU29: 0 | AV29: 0 | AW29: 0 | AX29: 0 | AY29: =SUM(C29:AX29) -> 0
A30: Software y Equipos TI | C30: 0 | D30: 0 | E30: 0 | F30: 0 | G30: 0 | H30: 0 | I30: 0 | J30: 0 | K30: 0 | L30: 0 | M30: 0 | N30: 0 | O30: 0 | Q30: 0 | R30: 0 | S30: 0 | T30: 0 | U30: 0 | V30: 0 | W30: 0 | X30: 0 | Y30: 0 | Z30: 0 | AA30: 0 | AB30: 0 | AC30: 0 | AD30: 0 | AE30: 0 | AF30: 0 | AG30: 0 | AH30: 0 | AI30: 0 | AJ30: 0 | AK30: 0 | AL30: 0 | AM30: 0 | AN30: 0 | AO30: 0 | AP30: 0 | AQ30: 0 | AR30: 0 | AS30: 0 | AT30: 0 | AU30: 0 | AV30: 0 | AW30: 0 | AX30: 0 | AY30: =SUM(C30:AX30) -> 0
A31: Total Inversión | C31: =SUM(C28:C30) -> 0 | D31: =SUM(D28:D30) -> 0 | E31: =SUM(E28:E30) -> 0 | F31: =SUM(F28:F30) -> 0 | G31: =SUM(G28:G30) -> 0 | H31: =SUM(H28:H30) -> 0 | I31: =SUM(I28:I30) -> 0 | J31: =SUM(J28:J30) -> 0 | ... AX31: =SUM(AX28:AX30) -> 0 | AY31: =SUM(C31:AX31) -> 0
A33: Total | C33: =SUM(C16,C25,C31) -> 0 | D33: =SUM(D16,D25,D31) -> 0 | E33: =SUM(E16,E25,E31) -> 0 | F33: =SUM(F16,F25,F31) -> 0 | G33: =SUM(G16,G25,G31) -> 0 | H33: =SUM(H16,H25,H31) -> 0 | I33: =SUM(I16,I25,I31) -> 0 | J33: =SUM(J16,J25,J31) -> 0 | ... AY33: =SUM(AY16,AY25,AY31) -> 0

Sheet Valorado Contraparte
A9: PRESUPUESTO APORTES PECUNARIOS CONTRPARTE
A10: Cifras en CLP
D11: M1 | E11: M2 | F11: M3 | G11: M4 | H11: M5 | I11: M6 | J11: M7 | K11: M8 | L11: M9 | M11: M10 | N11: M11 | O11: M12 | P11: M13 | Q11: M14 | R11: M15 | S11: M16 | T11: M17 | U11: M18 | V11: M19 | W11: M20 | X11: M21 | Y11: M22 | Z11: M23 | AA11: M24 | AB11: M25 | AC11: M26 | AD11: M27 | AE11: M28 | AF11: M29 | AG11: M30 | AH11: M31 | AI11: M32 | AJ11: M33 | AK11: M34 | AL11: M35 | AM11: M36 | AN11: M37 | AO11: M38 | AP11: M39 | AQ11: M40 | AR11: M41 | AS11: M42 | AT11: M43 | AU11: M44 | AV11: M45 | AW11: M46 | AX11: M47 | AY11: M48 | AZ11: Total
A13: RRHH | C13: Detalle
A14: Recursos Humanos | B14: Valor aportado al proyecto (CLP) | D14: 0 | E14: 0 | F14: 0 | G14: 0 | H14: 0 | I14: 0 | J14: 0 | K14: 0 | L14: 0 | M14: 0 | N14: 0 | O14: 0 | P14: 0 | Q14: 0 | R14: 0 | S14: 0 | T14: 0 | U14: 0 | V14: 0 | W14: 0 | X14: 0 | Y14: 0 | Z14: 0 | AA14: 0 | AB14: 0 | AC14: 0 | AD14: 0 | AE14: 0 | AF14: 0 | AG14: 0 | AH14: 0 | AI14: 0 | AJ14: 0 | AK14: 0 | AL14: 0 | AM14: 0 | AN14: 0 | AO14: 0 | AP14: 0 | AQ14: 0 | AR14: 0 | AS14: 0 | AT14: 0 | AU14: 0 | AV14: 0 | AW14: 0 | AX14: 0 | AY14: 0 | AZ14: =SUM(D14:AY14) -> 0
B15: Horas aportadas al proyecto | AZ15: =SUM(D15:AY15) -> 0
B16: Cantidad de Personas | D16: 0 | E16: 0 | F16: 0 | G16: 0 | H16: 0 | I16: 0 | J16: 0 | K16: 0 | L16: 0 | M16: 0 | N16: 0 | O16: 0 | P16: 0 | Q16: 0 | R16: 0 | S16: 0 | T16: 0 | U16: 0 | V16: 0 | W16: 0 | X16: 0 | Y16: 0 | Z16: 0 | AA16: 0 | AB16: 0 | AC16: 0 | AD16: 0 | AE16: 0 | AF16: 0 | AG16: 0 | AH16: 0 | AI16: 0 | AJ16: 0 | AK16: 0 | AL16: 0 | AM16: 0 | AN16: 0 | AO16: 0 | AP16: 0 | AQ16: 0 | AR16: 0 | AS16: 0 | AT16: 0 | AU16: 0 | AV16: 0 | AW16: 0 | AX16: 0 | AY16: 0 | AZ16: =SUM(D16:AY16) -> 0
A17: Total RRHH | D17: =D14 -> 0 | E17: =E14 -> 0 | F17: =F14 -> 0 | G17: =G14 -> 0 | H17: =H14 -> 0 | I17: =I14 -> 0 | J17: =J14 -> 0 | K17: =K14 -> 0 | ... AZ17: =AZ14 -> 0
A19: Operaciones | C19: Detalle
A20: Arriendos Infraestructura, Equipamiento y Vehículos | B20: Valor aportado al proyecto (CLP) | D20: 0 | E20: 0 | F20: 0 | G20: 0 | H20: 0 | I20: 0 | J20: 0 | K20: 0 | L20: 0 | M20: 0 | N20: 0 | O20: 0 | P20: 0 | Q20: 0 | R20: 0 | S20: 0 | T20: 0 | U20: 0 | V20: 0 | W20: 0 | X20: 0 | Y20: 0 | Z20: 0 | AA20: 0 | AB20: 0 | AC20: 0 | AD20: 0 | AE20: 0 | AF20: 0 | AG20: 0 | AH20: 0 | AI20: 0 | AJ20: 0 | AK20: 0 | AL20: 0 | AM20: 0 | AN20: 0 | AO20: 0 | AP20: 0 | AQ20: 0 | AR20: 0 | AS20: 0 | AT20: 0 | AU20: 0 | AV20: 0 | AW20: 0 | AX20: 0 | AY20: 0 | AZ20: =SUM(D20:AY20) -> 0
B21: M2 aportados al proyecto | AZ21: =SUM(D21:AY21) -> 0
A22: Seguros y Garantías | B22: Valor aportado al proyecto (CLP) | AZ22: =SUM(D22:AY22) -> 0
A23: Gastos Generales Operación | B23: Valor aportado al proyecto (CLP) | D23: 0 | E23: 0 | F23: 0 | G23: 0 | H23: 0 | I23: 0 | J23: 0 | K23: 0 | L23: 0 | M23: 0 | N23: 0 | O23: 0 | P23: 0 | Q23: 0 | R23: 0 | S23: 0 | T23: 0 | U23: 0 | V23: 0 | W23: 0 | X23: 0 | Y23: 0 | Z23: 0 | AA23: 0 | AB23: 0 | AC23: 0 | AD23: 0 | AE23: 0 | AF23: 0 | AG23: 0 | AH23: 0 | AI23: 0 | AJ23: 0 | AK23: 0 | AL23: 0 | AM23: 0 | AN23: 0 | AO23: 0 | AP23: 0 | AQ23: 0 | AR23: 0 | AS23: 0 | AT23: 0 | AU23: 0 | AV23: 0 | AW23: 0 | AX23: 0 | AY23: 0 | AZ23: =SUM(D23:AY23) -> 0
A24: Consultorías y Asesorías | B24: Valor aportado al proyecto (CLP) | D24: 0 | E24: 0 | F24: 0 | G24: 0 | H24: 0 | I24: 0 | J24: 0 | K24: 0 | L24: 0 | M24: 0 | N24: 0 | O24: 0 | P24: 0 | Q24: 0 | R24: 0 | S24: 0 | T24: 0 | U24: 0 | V24: 0 | W24: 0 | X24: 0 | Y24: 0 | Z24: 0 | AA24: 0 | AB24: 0 | AC24: 0 | AD24: 0 | AE24: 0 | AF24: 0 | AG24: 0 | AH24: 0 | AI24: 0 | AJ24: 0 | AK24: 0 | AL24: 0 | AM24: 0 | AN24: 0 | AO24: 0 | AP24: 0 | AQ24: 0 | AR24: 0 | AS24: 0 | AT24: 0 | AU24: 0 | AV24: 0 | AW24: 0 | AX24: 0 | AY24: 0 | AZ24: =SUM(D24:AY24) -> 0
B25: Horas aportadas al proyecto | AZ25: =SUM(D25:AY25) -> 0
A26: Materiales, Insumos y Otros Operación | B26: Valor aportado al proyecto (CLP) | D26: 0 | E26: 0 | F26: 0 | G26: 0 | H26: 0 | I26: 0 | J26: 0 | K26: 0 | L26: 0 | M26: 0 | N26: 0 | O26: 0 | P26: 0 | Q26: 0 | R26: 0 | S26: 0 | T26: 0 | U26: 0 | V26: 0 | W26: 0 | X26: 0 | Y26: 0 | Z26: 0 | AA26: 0 | AB26: 0 | AC26: 0 | AD26: 0 | AE26: 0 | AF26: 0 | AG26: 0 | AH26: 0 | AI26: 0 | AJ26: 0 | AK26: 0 | AL26: 0 | AM26: 0 | AN26: 0 | AO26: 0 | AP26: 0 | AQ26: 0 | AR26: 0 | AS26: 0 | AT26: 0 | AU26: 0 | AV26: 0 | AW26: 0 | AX26: 0 | AY26: 0 | AZ26: =SUM(D26:AY26) -> 0
A27: Viajes, Alojamiento y Alimentación | B27: Valor aportado al proyecto (CLP) | D27: 0 | E27: 0 | F27: 0 | G27: 0 | H27: 0 | I27: 0 | J27: 0 | K27: 0 | L27: 0 | M27: 0 | N27: 0 | O27: 0 | P27: 0 | Q27: 0 | R27: 0 | S27: 0 | T27: 0 | U27: 0 | V27: 0 | W27: 0 | X27: 0 | Y27: 0 | Z27: 0 | AA27: 0 | AB27: 0 | AC27: 0 | AD27: 0 | AE27: 0 | AF27: 0 | AG27: 0 | AH27: 0 | AI27: 0 | AJ27: 0 | AK27: 0 | AL27: 0 | AM27: 0 | AN27: 0 | AO27: 0 | AP27: 0 | AQ27: 0 | AR27: 0 | AS27: 0 | AT27: 0 | AU27: 0 | AV27: 0 | AW27: 0 | AX27: 0 | AY27: 0 | AZ27: =SUM(D27:AY27) -> 0
A28: Total Operaciones | D28: =SUM(D20,D22:D24,D26:D27) -> 0 | E28: =SUM(E20,E22:E24,E26:E27) -> 0 | F28: =SUM(F20,F22:F24,F26:F27) -> 0 | G28: =SUM(G20,G22:G24,G26:G27) -> 0 | H28: =SUM(H20,H22:H24,H26:H27) -> 0 | I28: =SUM(I20,I22:I24,I26:I27) -> 0 | J28: =SUM(J20,J22:J24,J26:J27) -> 0 | K28: =SUM(K20,K22:K24,K26:K27) -> 0 | ... AZ28: =SUM(AZ20,AZ22:AZ24,AZ26:AZ27) -> 0
A30: Inversiones | C30: Detalle
A31: Equipos y Maquinarias | B31: Valor aportado al proyecto (CLP) | D31: 0 | E31: 0 | F31: 0 | G31: 0 | H31: 0 | I31: 0 | J31: 0 | K31: 0 | L31: 0 | M31: 0 | N31: 0 | O31: 0 | P31: 0 | Q31: 0 | R31: 0 | S31: 0 | T31: 0 | U31: 0 | V31: 0 | W31: 0 | X31: 0 | Y31: 0 | Z31: 0 | AA31: 0 | AB31: 0 | AC31: 0 | AD31: 0 | AE31: 0 | AF31: 0 | AG31: 0 | AH31: 0 | AI31: 0 | AJ31: 0 | AK31: 0 | AL31: 0 | AM31: 0 | AN31: 0 | AO31: 0 | AP31: 0 | AQ31: 0 | AR31: 0 | AS31: 0 | AT31: 0 | AU31: 0 | AV31: 0 | AW31: 0 | AX31: 0 | AY31: 0 | AZ31: =SUM(D31:AY31) -> 0
B32: Horas aportadas al proyecto | AZ32: =SUM(D32:AY32) -> 0
A33: Instalaciones | B33: Valor aportado al proyecto (CLP) | D33: 0 | E33: 0 | F33: 0 | G33: 0 | H33: 0 | I33: 0 | J33: 0 | K33: 0 | L33: 0 | M33: 0 | N33: 0 | O33: 0 | P33: 0 | Q33: 0 | R33: 0 | S33: 0 | T33: 0 | U33: 0 | V33: 0 | W33: 0 | X33: 0 | Y33: 0 | Z33: 0 | AA33: 0 | AB33: 0 | AC33: 0 | AD33: 0 | AE33: 0 | AF33: 0 | AG33: 0 | AH33: 0 | AI33: 0 | AJ33: 0 | AK33: 0 | AL33: 0 | AM33: 0 | AN33: 0 | AO33: 0 | AP33: 0 | AQ33: 0 | AR33: 0 | AS33: 0 | AT33: 0 | AU33: 0 | AV33: 0 | AW33: 0 | AX33: 0 | AY33: 0 | AZ33: =SUM(D33:AY33) -> 0
B34: M2 aportados al proyecto | AZ34: =SUM(D34:AY34) -> 0
A35: Software y Equipos TI | B35: Valor aportado al proyecto (CLP) | D35: 0 | E35: 0 | F35: 0 | G35: 0 | H35: 0 | I35: 0 | J35: 0 | K35: 0 | L35: 0 | M35: 0 | N35: 0 | O35: 0 | P35: 0 | Q35: 0 | R35: 0 | S35: 0 | T35: 0 | U35: 0 | V35: 0 | W35: 0 | X35: 0 | Y35: 0 | Z35: 0 | AA35: 0 | AB35: 0 | AC35: 0 | AD35: 0 | AE35: 0 | AF35: 0 | AG35: 0 | AH35: 0 | AI35: 0 | AJ35: 0 | AK35: 0 | AL35: 0 | AM35: 0 | AN35: 0 | AO35: 0 | AP35: 0 | AQ35: 0 | AR35: 0 | AS35: 0 | AT35: 0 | AU35: 0 | AV35: 0 | AW35: 0 | AX35: 0 | AY35: 0 | AZ35: =SUM(D35:AY35) -> 0
B36: Horas aportadas al proyecto | AZ36: =SUM(D36:AY36) -> 0
A37: Total Inversión | D37: =SUM(D31,D33,D35) -> 0 | E37: =SUM(E31,E33,E35) -> 0 | F37: =SUM(F31,F33,F35) -> 0 | G37: =SUM(G31,G33,G35) -> 0 | H37: =SUM(H31,H33,H35) -> 0 | I37: =SUM(I31,I33,I35) -> 0 | J37: =SUM(J31,J33,J35) -> 0 | K37: =SUM(K31,K33,K35) -> 0 | ... AZ37: =SUM(AZ31,AZ33,AZ35) -> 0
A39: Aportes Varios | C39: Detalle
A40: Otros aportes a detallar | B40: Valor aportado al proyecto (CLP) | D40: 0 | E40: 0 | F40: 0 | G40: 0 | H40: 0 | I40: 0 | J40: 0 | K40: 0 | L40: 0 | M40: 0 | N40: 0 | O40: 0 | P40: 0 | Q40: 0 | R40: 0 | S40: 0 | T40: 0 | U40: 0 | V40: 0 | W40: 0 | X40: 0 | Y40: 0 | Z40: 0 | AA40: 0 | AB40: 0 | AC40: 0 | AD40: 0 | AE40: 0 | AF40: 0 | AG40: 0 | AH40: 0 | AI40: 0 | AJ40: 0 | AK40: 0 | AL40: 0 | AM40: 0 | AN40: 0 | AO40: 0 | AP40: 0 | AQ40: 0 | AR40: 0 | AS40: 0 | AT40: 0 | AU40: 0 | AV40: 0 | AW40: 0 | AX40: 0 | AY40: 0 | AZ40: =SUM(D40:AY40) -> 0
A41: Total Otros | D41: =D40 -> 0 | E41: =E40 -> 0 | F41: =F40 -> 0 | G41: =G40 -> 0 | H41: =H40 -> 0 | I41: =I40 -> 0 | J41: =J40 -> 0 | K41: =K40 -> 0 | ... AZ41: =AZ40 -> 0
A43: Total | D43: =SUM(D17,D28,D37,D41) -> 0 | E43: =SUM(E17,E28,E37,E41) -> 0 | F43: =SUM(F17,F28,F37,F41) -> 0 | G43: =SUM(G17,G28,G37,G41) -> 0 | H43: =SUM(H17,H28,H37,H41) -> 0 | I43: =SUM(I17,I28,I37,I41) -> 0 | J43: =SUM(J17,J28,J37,J41) -> 0 | K43: =SUM(K17,K28,K37,K41) -> 0 | ... AZ43: =SUM(AZ17,AZ28,AZ37,AZ41) -> 0

Sheet M. Calculo Remuneraciones
B2: MEMORIA DE CÁLCULO APORTES EN REMUNERACIONES
B4: INSTITUCION O EMPRESA | C4: : | G4: MEMORIA N° | H4: Indicar N°
B5: (sólo una empresa o una institución por certificado)
B6: CÓDIGO PROYECTO | C6: :
B8: PERIODO INFORMADO | C8: :
B9: (desde el mes XX al mes XX)
B11: Nombre y Apellidos | C11: RUT | D11: Mes y año de imputación | E11: Remuneración del mes (A) | F11: % dedicación (B) | G11: Total Aporte (AxB)
B12: Ej: Juan Perez Perez | C12: 11.222.444-6 | D12: Junio 2026 | E12: 800000 | F12: 0.2 | G12: =E12*F12 -> 160000
G13: =E13*F13 -> 0
G14: =E14*F14 -> 0
G15: =E15*F15 -> 0
G16: =E16*F16 -> 0
G17: =E17*F17 -> 0
G18: =E18*F18 -> 0
G19: =E19*F19 -> 0
G20: =E20*F20 -> 0
G21: =E21*F21 -> 0
B22: TOTAL | G22: =SUM(G12:G21) -> 160000
B24: Instrucciones de llenado
B25: Nombres y apellidos | C25: : indicar nombre y apellidos del profesional cuyo aporte se valoriza.
B26: RUT | C26: : indicar el RUT del profesional.
B27: Mes y año de imputación | C27: : indicar mes y año al cual corresponde la imputación del aporte. Ej: Marzo 2026.
B28: Remuneración del mes (A) | C28: : ingresar el monto mensual de remuneraciones utilizado como base de acuerdo con la liquidación de sueldo correspondiente al mes indicado.
B29: % dedicación al proyecto (B) | C29: : indicar el % de dedicación del profesional a las actividades del proyecto durante el período informado. Ingresar % sin decimales.
B30: Total aporte valorizado (AxB) | C30: : No ingrese valor, se calcula automáticamente.
B32: Nota: La información registrada deberá ser consistente con las liquidaciones de sueldo, antecedentes contractuales y demás documentos utilizados como respaldo del aporte valorizado.
B35: Fecha de elaboración | C35: : / / | E35: Registrado por
E36: Nombre | F36: :
E37: Cargo | F37: :

Sheet M. Calculo Honorarios
B2: MEMORIA DE CÁLCULO APORTES EN HONORARIOS
B4: INSTITUCION O EMPRESA | C4: : | H4: MEMORIA N° | I4: indicar N°
B5: (sólo una empresa o una institución por certificado)
B6: CÓDIGO PROYECTO | C6: :
B8: PERIODO INFORMADO | C8: :
B9: (desde el mes XX al mes XX)
B11: Nombre y Apellidos | C11: RUT | D11: Mes y año de imputación | E11: N° boleta | F11: Fecha | G11: Monto bruto (A) | H11: % dedicación (B) | I11: Total Aporte (AxB)
B12: Ej: Juan Perez Perez | C12: 11.222.444-6 | D12: Marzo 2026 | G12: 1500000 | H12: 0.25 | I12: =G12*H12 -> 375000
D13: Abril 2026 | I13: =G13*H13 -> 0
I14: =G14*H14 -> 0
I15: =G15*H15 -> 0
I16: =G16*H16 -> 0
I17: =G17*H17 -> 0
I18: =G18*H18 -> 0
I19: =G19*H19 -> 0
I20: =G20*H20 -> 0
I21: =G21*H21 -> 0
B22: TOTAL | I22: =SUM(I12:I21) -> 375000
B24: Instrucciones de llenado
B25: Nombres y apellidos | C25: : indicar nombre y apellidos del profesional cuyo aporte se valoriza.
B26: RUT | C26: : indicar el RUT del profesional
B27: Mes de imputación | C27: : indicar mes y año al cual corresponde la imputación del aporte. Ej: Marzo 2026
B28: N° boleta | C28: : ingresar N° de boleta de honorarios utilizada como respaldo.
B29: Fecha | C29: : indicar la fecha de emisión de la boleta de honorarios.
B30: Monto bruto (A) | C30: : ingresar el monto bruto indicado en la boleta de honorarios.
B31: % dedicación al proyecto (B) | C31: : indicar el % de dedicación del profesional a las actividades del proyecto durante el período informado. Ingresar % sin decimales.
B32: Total aporte valorizado (AxB) | C32: : No ingrese valor, se calcula automáticamente.
B34: Nota: La información registrada deberá ser consistente con las boletas de honorarios, antecedentes contractuales y demás documentos utilizados como respaldo del aporte valorizado.
B36: Fecha de elaboración | C36: : / / | F36: Registrado por
F37: Nombre | G37: :
F38: Cargo | G38: :

Sheet M. Calculo Equipos
B2: MEMORIA DE CÁLCULO APORTES VALORIZADOS EN EQUIPAMIENTO
B4: INSTITUCION APORTANTE | C4: : | I4: MEMORIA N° | J4: Indicar N°
B5: (sólo una empresa o una institución por certificado)
B6: CÓDIGO PROYECTO | C6: :
B8: PERIODO INFORMADO | C8: :
B9: (desde el mes/año al mes/año)
B11: Nombre Equipo | C11: N° inventario / ID | D11: Marca / modelo | E11: Descripción del uso / actividad | F11: Período de imputación | G11: Metodología de valorización | H11: Documento de respaldo | I11: Unidad | J11: Valor unitario (A) | K11: Cantidad utilizada (B) | L11: Total Aporte (AxB)
B12: Ej: espectrómetro de absorción atómica | C12: EQ-14 | D12: GI54515 | E12: Uso del equipo para análisis de x asociado a actividades xx | F12: Julio 2026 | G12: Tarifa institucional vigente por hora de uso de equipo | H12: Documento institucional con tarifas y registro de uso | I12: Hora | J12: 30000 | K12: 12 | L12: =+J12*K12 -> 360000
L13: =J13*K13 -> 0
L14: =J14*K14 -> 0
L15: =J15*K15 -> 0
L16: =J16*K16 -> 0
L17: =J17*K17 -> 0
B18: TOTAL | L18: =SUM(L12:L17) -> 360000
B20: Instrucciones de llenado
B21: Nombre equipo | C21: Indicar el nombre o identificación del equipo cuyo uso se aporta al proyecto.
B22: N° inventario / ID | C22: Indicar el número de inventario, código de activo u otra identificación que permita individualizar el equipo. Si no aplica, indicar N/A.
B23: Marca / modelo | C23: Indicar la marca y modelo del equipo, cuando corresponda
B24: Descripción del uso / actividad | C24: Indicar brevemente el uso dado al equipo y la actividad del proyecto en la cual fue utilizado.
B25: Período de imputación | C25: Indicar la fecha, mes o período al cual corresponde el aporte valorizado informado.
B26: Metodología de valorización | C26: Indicar el criterio utilizado para determinar el valor del uso del equipo. Por ej: tarifa institucional, valor equivalente de arriendo, valor de mercado,
C27: depreciación según vida útil u otra metodología debidamente respaldada.
B28: Documento de respaldo | C28: Indicar el antecedente que respalda la valorización, por ej: registro de activo fijo, factura, tarifa institucional, cotización,
C29: informe de valorización u otro documento pertinente.
B30: Unidad | C30: Indicar la unidad utilizada para efectuar el cálculo, por ej: hora, día, mes u otra unidad aplicable.
B31: Valor unitario (A) | C31: Ingresar el valor correspondiente a una unidad de utilización del equipo, de acuerdo con la metodología informada.
B32: Cantidad utilizada (B) | C32: Ingresar únicamente el valor numérico correspondiente a la cantidad efectiva de unidades utilizadas en el proyecto.
B33: Total aporte (AxB) | C33: No ingresar valor, se calcula automáticamente.
B35: Nota: La entidad aportante deberá indicar y respaldar la metodología utilizada para determinar el valor del uso del equipo. Los antecedentes podrán corresponder, según la metodología utilizada, a fichas de activo fijo, registros patrimoniales o de inventario que permitan identificar el equipo, documentos de adquisición, tarifas institucionales, cotizaciones o referencias de mercado, y, cuando corresponda, antecedentes de vida útil o depreciación, informes de valorización u otros documentos pertinentes. Asimismo, deberá mantener registros que permitan acreditar el uso efectivo del equipo y su vinculación con las actividades del Proyecto. Cuando la metodología utilizada requiera cálculos adicionales, deberá adjuntarse el detalle o memoria complementaria correspondiente.
C38: Fecha de elaboración | D38: : / / | G38: Registrado por
G39: Nombre | H39: :
G40: Cargo | H40: :

Sheet M. Calculo Infraestructura
B2: MEMORIA DE CÁLCULO APORTES EN INFRAESTRUCTURA
G3: MEMORIA N° | H3: Indicar N°
B4: INSTITUCION O EMPRESA | C4: :
B5: (sólo una empresa o una institución por certificado)
B6: CÓDIGO PROYECTO | C6: :
B8: PERIODO INFORMADO | C8: :
B9: (desde el mes/año al mes/año)
B11: Nombre Infraestructura | C11: Descripción de uso / Actividad | D11: Superficie (m²) | E11: Fecha o período de uso | F11: Metodología | G11: Unidad de valorización | H11: Valor Unitario (A) | I11: Cantidad de unidades (B) | J11: Total Aporte (AxB)
B12: Ej: Fundación Minera Escondida | C12: Actividad Open ITL 2026 | D12: 60m² | E12: Septiembre 2026 | F12: Tarifa institucional | G12: Horas | H12: 20000 | I12: 6 | J12: =H12*I12 -> 120000
J13: =H13*I13 -> 0
J14: =H14*I14 -> 0
J15: =H15*I15 -> 0
J16: =H16*I16 -> 0
J17: =H17*I17 -> 0
B18: TOTAL | J18: =SUM(J12:J17) -> 120000
B20: Instrucciones de llenado
B21: Nombre Infraestructura | C21: Indicar el nombre o identificación de la infraestructura aportada al proyecto.
B22: Descripción de uso / actividad | C22: Indicar brevemente el uso de la infraestructura y las actividades del proyecto desarrolladas en ella.
B23: Superficie m² | C23: Indicar, cuando corresponda la superficie aproximada de la infraestructura utilizada por el proyecto.
B24: Fecha o período de uso | C24: Indicar la fecha, mes o período durante el cual la infraestructura fue utilizada o puesta a disposición del proyecto.
B25: Metodología | C25: Indique el criterio utilizado para determinar el valor del aporte, por ejemplo: tarifa institucional, valor equivalente de arriendo, valor de mercado, valor por m² u otra metodología debidamente justificada.
B26: Unidad de valorización | C26: Indicar la unidad utilizada para efectuar el cálculo, por ej: hora, día, mes, m², m²/mes u otra unidad aplicable.
B27: Valor unitario (A) | C27: Ingresar el valor correspondiente a una unidad de valorización, de acuerdo con la metodología informada.
B28: Cantidad de unidades (B) | C28: Ingrese únicamente el valor numérico correspondiente a la cantidad de unidades utilizadas para el cálculo, de acuerdo con la unidad de valorización informada. Por ej: si la unidad es "hora", ingresar 6; si la unidad es "día", ingresar 3; si la unidad es "mes", ingresar 18, si la unidad es "m²", ingresar 20.
B29: Total Aporte (AxB) | C29: No ingresar valor, se calcula automáticamente.
B31: Nota: La entidad aportante deberá indicar y respaldar la metodología utilizada para determinar el valor informado, mediante antecedentes tales como informes, documentos de respaldo, tarifas institucionales, referencias de mercado o, cuando corresponda, una memoria de cálculo complementaria. La metodología podrá variar según el tipo de infraestructura, siempre que permita identificar claramente la base de cálculo y verificar razonablemente el aporte valorizado
C34: Fecha de elaboración | D34: : / / | F34: Registrado por
F35: Nombre | G35: :
F36: Cargo | G36: :
